 Dungeon Crawl Stone Soup version 0.24-a0-464-g6b2be6b8c7 (webtiles) character file.

Game seed: 18174524799779638079

163 sloany69 the Chopper (level 5, 0/38 HPs)
             Began as a Demonspawn Gladiator on July 4, 2019.
             Slain by Sigmund
             ... wielding a +0 scythe
              (6 damage)
             ... on level 3 of the Dungeon.
             The game lasted 00:07:03 (2128 turns).

sloany69 the Chopper (Demonspawn Gladiator)         Turns: 2128, Time: 00:07:04

Health: 0/38       AC:  6    Str: 16    XL:     5   Next: 20%
Magic:  1/1        EV: 10    Int:  9    God:
Gold:   59         SH:  4    Dex: 14    Spells: 4/4 levels left

rFire    + . .     SeeInvis .   b - +2 spear (antimagic)
rCold    . . .     Gourm    .   (no shield)
rNeg     . . .     Faith    .   c - +0 scale mail
rPois    .         Spirit   .   (helmet restricted)
rElec    .         Reflect  .   (no cloak)
rCorr    .         Harm     .   (no gloves)
MR       .....                  (no boots)
Stlth    ..........             (no amulet)
HPRegen  0.12/turn              h - ring of protection from fire
MPRegen  0.07/turn              (no ring)

@: lethally poisoned (0 -> -2)
A: horns 1, large bone plates 1, powered by pain 1
a: no special abilities


You were on level 3 of the Dungeon.
You were hungry.

You visited 1 branch of the dungeon, and saw 3 of its levels.

You collected 59 gold pieces.

Inventory:

Hand Weapons
 a - a +0 war axe
 b - a +2 antimagic spear (weapon)
Missiles
 d - 3 throwing nets (quivered)
Armour
 c - a +0 scale mail (worn)
Jewellery
 h - a ring of protection from fire (left hand)
 n - a +2 ring of intelligence {unknown}
Scrolls
 i - a scroll of enchant armour {unknown}
 j - 3 scrolls of teleportation {unknown}
 k - 2 scrolls of noise {unknown}
 l - 2 scrolls of identify {unknown}
 m - 2 scrolls of remove curse {unknown}
 o - a scroll of blinking {unknown}
 q - a scroll of immolation {unknown}
Potions
 e - a potion of invisibility {unknown}
 g - a potion of agility {unknown}
 p - a potion of curing {unknown}
Comestibles
 f - 5 rations


   Skills:
 - Level 2.0 Fighting
 - Level 4.0(4.6) Axes
 + Level 3.3(4.2) Polearms
 - Level 1.7 Throwing
 - Level 2.6 Dodging


You had 4 spell levels left.
You didn't know any spells.
Your spell library was empty.

Dungeon Overview and Level Annotations

Branches:
Dungeon (3/15)

Altars:
Fedhas
Sif Muna
Uskayaw
Xom
Zin
The Shining One

Annotations:
D:3 Sigmund


Innate Abilities, Weirdness & Mutations

You have a pair of small horns on your head.
You are partially covered in large bone plates. (SH +4)
You sometimes gain a little power by taking damage.


Message History

You feel sick. Sigmund closely misses you.
The jackal bites you but does no damage.
You hit the jackal.
The jackal is moderately wounded.
The jackal bites you.
Sigmund mumbles some strange words.
Sigmund flickers and vanishes!
Deactivating autopickup; reactivate with Ctrl-A.
You hit the jackal. Your headbutt misses the jackal.
The jackal is severely wounded.
You block the jackal's attack.
You closely miss the jackal.
The jackal is severely wounded.
You feel sick. The jackal closely misses you. Something hits you!
* * * LOW HITPOINT WARNING * * *
The jackal bites you.
* * * LOW HITPOINT WARNING * * *
The jackal bites you but does no damage.
Something hits you.
You die...

.. .. ##$#+#+
... ....... ...
.......####..
...>.....#
#.......#
#..†.†..###+
#...@h{.....
#.......$...
.....#.####....
...# #. ...
#### .. .. .
#..# # ... #..#
... #..# #...
#..# ####..###


You could see a jackal.

Vanquished Creatures
  An orc priest (D:3)
  5 adders
  3 gnolls (D:2)
  An ooze (D:2)
  A worm (D:2)
  2 dart slugs
  2 leopard geckos
  2 orcs
  8 bats
  A giant cockroach (D:2)
  6 goblins
  7 hobgoblins
  2 jackals (D:3)
  A quokka (D:2)
  A kobold (D:1)
  5 rats
48 creatures vanquished.

Notes
Turn   | Place    | Note
-------+----------+-------------------------------------------
     0 | D:1      | sloany69 the Demonspawn Gladiator began the quest for the
                  | Orb.
     0 | D:1      | Reached XP level 1. HP: 16/16 MP: 1/1
   116 | D:1      | Reached skill level 3 in Axes
   269 | D:1      | Gained mutation: You are partially covered in large bone
                  | plates. (SH +4) [demonic ancestry]
   269 | D:1      | Reached XP level 2. HP: 14/22 MP: 2/2
   720 | D:2      | Found a hide-covered altar of Uskayaw.
   896 | D:2      | Gained mutation: You have a pair of small horns on your
                  | head. [demonic ancestry]
   896 | D:2      | Reached XP level 3. HP: 27/27 MP: 3/3
   964 | D:2      | Reached skill level 4 in Axes
  1022 | D:2      | Reached skill level 1 in Polearms
  1190 | D:2      | Reached XP level 4. HP: 24/33 MP: 1/4
  1504 | D:2      | Found a deep blue altar of Sif Muna.
  1618 | D:3      | Found a glowing golden altar of the Shining One.
  1618 | D:3      | Found a glowing silver altar of Zin.
  1623 | D:3      | Found a faded altar of an unknown god.
  1625 | D:3      | Found a blossoming altar of Fedhas.
  1626 | D:3      | Found a shimmering altar of Xom.
  2106 | D:3      | Gained mutation: You sometimes gain a little power by
                  | taking damage. [demonic ancestry]
  2106 | D:3      | Reached XP level 5. HP: 38/38 MP: 1/5
  2108 | D:3      | Noticed Sigmund
  2128 | D:3      | Slain by Sigmund

Levels and vault maps discovered:
D:1:      mrwooster_arrival_statue_3, layout_basic
D:2:      layout_rooms, lemuel_crystal_altar, lemuel_coloured_pillars_altar
D:3:      layout_basic, chequers_temple_overflow_minitemple, lemuel_round_altar,
          nicolae_overflow_crystal_walls, uniq_sigmund

Skill      XL: |  1  2  3  4 |
---------------+-------------+-----
Axes           | 3 4 |  4.0
Polearms       | 1 3 |  3.3
Fighting       | |  2.0
Throwing       | |  1.7
Dodging        | |  2.6

Action                   |  1- 3 |  4- 6 || total
-------------------------+-------+-------++-------
Melee: War axe           |    58 |       ||    58
       Spear             |    33 |    60 ||    93
       Headbutt          |     7 |     6 ||    13
  Eat: Ration            |       |     1 ||     1
Armor: Leather armour    |    16 |       ||    16
       Scale mail        |    25 |    23 ||    48
Dodge: Dodged            |    43 |    23 ||    66
Block: Other             |    19 |     7 ||    26

Table legend:
 A = Non-vault XP
 B = Vault XP
 C = Vault XP percentage of total XP
 D = Non-vault monster count
 E = Vault monster count
 F = Vault count percentage of total count
                 A         B        C        D         E       F
            +---------+---------+-------+---------+---------+-------
      Total |     234 |       0 |   0.0 |      48 |       0 |   0.0
            +---------+---------+-------+---------+---------+-------
        D:1 |      26 |       0 |   0.0 |      15 |       0 |   0.0
        D:2 |     114 |       0 |   0.0 |      23 |       0 |   0.0
        D:3 |      94 |       0 |   0.0 |      10 |       0 |   0.0
            +---------+---------+-------+---------+---------+-------
